PL
PORTLAND EVERGREENS @ PANAMA CITY PIRANHAS
09/03/2032
 
TOP OF THE 1ST
Portland Evergreens batting - Pitching for Panama City Piranhas : RHP Pedro Ramírez
Pitching: RHP Pedro Ramírez
Batting: RHB Tae-cho Han 0-0: Foul Ball, location: 2F
0-1: Ball
1-1: SINGLE (Groundball, 6D)
Batting: LHB Adrián Gómez 0-0: SINGLE (Flyball, 78S)
Tae-cho Han to second
Batting: LHB Chris Payling 0-0: Foul Ball, location: 2F
0-1: Foul Ball, location: 2F
0-2: Ball
1-2: Ball
2-2: Foul Ball, location: 2F
2-2: DOUBLE (Flyball, 8RXD)
Tae-cho Han scores
Adrián Gómez to third
Runner from 3rd tries for Home, SAFE, throw made at trailing runner, OUT at third!
Batting: LHB John Ennis 0-0: Ball
1-0: Foul Ball, location: 2F
1-1: Swinging Strike
1-2: Reached on error, E4 (Groundball, 34D)
Batting: RHB Nelson Jaramillo 0-0: Swinging Strike
0-1: SINGLE (Groundball, 5L) (infield hit)
John Ennis to third
Batting: SHB Billy Dotson 0-0: 3-RUN HOME RUN (Flyball, 7LD), Distance : 349 ft
Batting: LHB Ramón Garmendia 0-0: Foul Ball, location: 2F
0-1: Ball
1-1: Ground out 6-3 (Groundball, 4MS)
Batting: LHB Calvin Wilms 0-0: Ball
1-0: Ball
2-0: Foul Ball, location: 2F
2-1: Ball
3-1: Called Strike
3-2: Strikes out swinging
Top of the 1st over - 5 runs, 5 hits, 1 error, 0 left on base; Portland 5 - Panama City 0
BOTTOM OF THE 1ST
Panama City Piranhas batting - Pitching for Portland Evergreens : RHP Jorge Otero
Pitching: RHP Jorge Otero
Batting: RHB Peter Heard 0-0: Ball
1-0: Foul Ball, location: 2F
1-1: Swinging Strike
1-2: Foul Ball, location: 2F
1-2: Fly out, F5 (Line Drive, 5)
Batting: RHB Mike Strickland 0-0: Ball
1-0: SOLO HOME RUN (Line Drive, 7D), Distance : 357 ft
Batting: RHB Sergio Ortíz 0-0: Called Strike
0-1: Ball
1-1: Fly out, F6 (Line Drive, 6M)
Batting: LHB Roberto Sánchez 0-0: Ball
1-0: Swinging Strike
1-1: Called Strike
1-2: Ball
2-2: Strikes out looking
Bottom of the 1st over - 1 run, 1 hit, 0 errors, 0 left on base; Portland 5 - Panama City 1
TOP OF THE 2ND
Portland Evergreens batting - Pitching for Panama City Piranhas : RHP Pedro Ramírez
Batting: LHB César Gómes 0-0: Foul Ball, location: 2F
0-1: Ball
1-1: Ball
2-1: Ball
3-1: Ground out 1-3 (Groundball, P)
Batting: RHB Tae-cho Han 0-0: Ball
1-0: Called Strike
1-1: SOLO HOME RUN (Line Drive, 7D), Distance : 361 ft
Batting: LHB Adrián Gómez 0-0: Called Strike
0-1: Ball
1-1: Ball
2-1: Called Strike
2-2: Strikes out looking
Batting: LHB Chris Payling 0-0: Foul Ball, location: 2F
0-1: Foul Ball, location: 2F
0-2: Ball
1-2: Ball
2-2: Foul Ball, location: 2F
2-2: SINGLE (Flyball, 9LS)
Batting: LHB John Ennis 0-0: Fly out, F6 (Popup, P)
Top of the 2nd over - 1 run, 2 hits, 0 errors, 1 left on base; Portland 6 - Panama City 1
BOTTOM OF THE 2ND
Panama City Piranhas batting - Pitching for Portland Evergreens : RHP Jorge Otero
Batting: LHB Chris McKinney 0-0: Called Strike
0-1: Ball
1-1: Foul Ball, location: 2F
1-2: Strikes out swinging
Batting: RHB Tak-hing Huang 0-0: Called Strike
0-1: Ground out 6-3 (Groundball, 6M)
Batting: LHB António Ramos 0-0: Ball
1-0: Ball
2-0: Ball
3-0: Called Strike
3-1: Base on Balls
Batting: RHB Micah Coffey 0-0: Foul Ball, location: 2F
0-1: Foul Ball, location: 2F
0-2: Ball
1-2: Foul Ball, location: 2F
1-2: Strikes out swinging
Bottom of the 2nd over - 0 runs, 0 hits, 0 errors, 1 left on base; Portland 6 - Panama City 1
TOP OF THE 3RD
Portland Evergreens batting - Pitching for Panama City Piranhas : RHP Pedro Ramírez
Batting: RHB Nelson Jaramillo 0-0: Called Strike
0-1: Foul Ball, location: 2F
0-2: Strikes out looking
Batting: SHB Billy Dotson 0-0: Swinging Strike
0-1: Ball
1-1: Foul Ball, location: 2F
1-2: Strikes out swinging
Batting: LHB Ramón Garmendia 0-0: SOLO HOME RUN (Flyball, 9LD), Distance : 336 ft
Batting: LHB Calvin Wilms 0-0: Ball
1-0: SINGLE (Line Drive, 6MD)
Batting: LHB César Gómes 0-0: Ball
1-0: Foul Ball, location: 2F
1-1: Ball
2-1: SINGLE (Groundball, 6M) (infield hit)
Calvin Wilms to second
Batting: RHB Tae-cho Han 0-0: Ball
1-0: Ball
2-0: Ball
3-0: Base on Balls
Calvin Wilms to third
César Gómes to second
Batting: LHB Adrián Gómez 0-0: Ball
1-0: Ball
2-0: Ball
3-0: Base on Balls
Calvin Wilms scores
César Gómes to third
Tae-cho Han to second
Batting: LHB Chris Payling 0-0: Foul Ball, location: 2F
0-1: GRAND SLAM HOME RUN (Flyball, 8RXD), Distance : 431 ft
Batting: LHB John Ennis 0-0: Foul Ball, location: 2F
0-1: Ball
1-1: Foul Ball, location: 2F
1-2: Strikes out swinging
Top of the 3rd over - 6 runs, 4 hits, 0 errors, 0 left on base; Portland 12 - Panama City 1
BOTTOM OF THE 3RD
Panama City Piranhas batting - Pitching for Portland Evergreens : RHP Jorge Otero
Batting: RHB Leo Cadden 0-0: Called Strike
0-1: Ball
1-1: Swinging Strike
1-2: Foul Ball, location: 2F
1-2: Ball
2-2: Strikes out swinging
Batting: RHB Peter Heard 0-0: Ball
1-0: Foul Ball, location: 2F
1-1: Ball
2-1: SINGLE (Flyball, 9LM)
Batting: RHB Mike Strickland 0-0: Foul Ball, location: 2F
0-1: Ball
1-1: Ball
2-1: Foul Ball, location: 2F
2-2: Ball
3-2: Ground out 5-3 (Groundball, 56S)
Peter Heard to second
Batting: RHB Sergio Ortíz 0-0: Foul Ball, location: 2F
0-1: Swinging Strike
0-2: Strikes out swinging
Bottom of the 3rd over - 0 runs, 1 hit, 0 errors, 1 left on base; Portland 12 - Panama City 1
TOP OF THE 4TH
Portland Evergreens batting - Pitching for Panama City Piranhas : RHP Pedro Ramírez
Batting: RHB Nelson Jaramillo 0-0: Foul Ball, location: 2F
0-1: Ball
1-1: Foul Ball, location: 2F
1-2: SINGLE (Groundball, 6MD)
Batting: SHB Billy Dotson 0-0: Ball
1-0: Called Strike
1-1: Fly out, F8 (Flyball, 8LM)
Batting: LHB Ramón Garmendia 0-0: Called Strike
0-1: Ball
1-1: Called Strike
Nelson Jaramillo steals 2nd base
1-2: Fly out, F8 (Flyball, 89M)
Batting: LHB Calvin Wilms 0-0: Ball
1-0: Swinging Strike
1-1: Ball
2-1: Ball
3-1: Ground out 4-3 (Groundball, 4M)
Top of the 4th over - 0 runs, 1 hit, 0 errors, 1 left on base; Portland 12 - Panama City 1
BOTTOM OF THE 4TH
Panama City Piranhas batting - Pitching for Portland Evergreens : RHP Jorge Otero
Batting: LHB Roberto Sánchez 0-0: Ball
1-0: Called Strike
1-1: Fly out, F9 (Flyball, 9S)
Batting: LHB Chris McKinney 0-0: Ball
1-0: Called Strike
1-1: Foul Ball, location: 2F
1-2: Ground out 4-3 (Groundball, 4M)
Batting: RHB Tak-hing Huang 0-0: Ball
1-0: Ball
2-0: Ball
3-0: Called Strike
3-1: Base on Balls
Batting: LHB António Ramos 0-0: Ball
1-0: Swinging Strike
1-1: Foul Ball, location: 2F
1-2: Ground out 6-3 (Groundball, 6M)
Bottom of the 4th over - 0 runs, 0 hits, 0 errors, 1 left on base; Portland 12 - Panama City 1
TOP OF THE 5TH
Portland Evergreens batting - Pitching for Panama City Piranhas : RHP Pedro Ramírez
Batting: LHB César Gómes 0-0: Foul Ball, location: 2F
0-1: Ground out 1-3 (Groundball, 15S)
Batting: RHB Tae-cho Han 0-0: Called Strike
0-1: Ball
1-1: Called Strike
1-2: Fly out, F8 (Flyball, 8LS)
Batting: LHB Adrián Gómez 0-0: Called Strike
0-1: Called Strike
0-2: Ball
1-2: Strikes out swinging
Top of the 5th over - 0 runs, 0 hits, 0 errors, 0 left on base; Portland 12 - Panama City 1
BOTTOM OF THE 5TH
Panama City Piranhas batting - Pitching for Portland Evergreens : RHP Jorge Otero
Batting: RHB Micah Coffey 0-0: Swinging Strike
0-1: Ground out 6-3 (Groundball, 6)
Batting: RHB Leo Cadden 0-0: Foul Ball, location: 2F
0-1: SINGLE (Line Drive, 78S)
Batting: RHB Peter Heard 0-0: Ball
1-0: Ball
2-0: Ball
3-0: Called Strike
3-1: SINGLE (Groundball, 34D)
Leo Cadden to second
Runner from 2nd tries for 3rd, SAFE, no throw
Batting: RHB Mike Strickland 0-0: Foul Ball, location: 2F
0-1: Called Strike
0-2: Foul Ball, location: 2F
0-2: Ball
1-2: Ball
2-2: Ball
3-2: Fly out, F7 (Line Drive, 7D)
Runner from 3rd tags up, SCORES, no throw
Batting: RHB Sergio Ortíz 0-0: Ball
1-0: Foul Ball, location: 2F
1-1: Called Strike
Peter Heard is caught stealing 2nd base
Bottom of the 5th over - 1 run, 2 hits, 0 errors, 0 left on base; Portland 12 - Panama City 2
TOP OF THE 6TH
Portland Evergreens batting - Pitching for Panama City Piranhas : RHP Pedro Ramírez
Pitching: LHP Todd Hines
Batting: LHB Chris Payling 0-0: Fly out, F9 (Flyball, 9)
Batting: LHB John Ennis 0-0: Swinging Strike
0-1: Called Strike
0-2: Fly out, F7 (Line Drive, 78M)
Batting: RHB Nelson Jaramillo 0-0: Ball
1-0: Fly out, F3 (Popup, 3L)
Top of the 6th over - 0 runs, 0 hits, 0 errors, 0 left on base; Portland 12 - Panama City 2
BOTTOM OF THE 6TH
Panama City Piranhas batting - Pitching for Portland Evergreens : RHP Jorge Otero
Batting: RHB Sergio Ortíz 0-0: Ball
1-0: Ball
2-0: Ground out 6-3 (Groundball, 6)
Batting: LHB Roberto Sánchez 0-0: Ground out 6-3 (Groundball, 6M)
Batting: LHB Chris McKinney 0-0: Ground out U3 (Groundball, 34)
Bottom of the 6th over - 0 runs, 0 hits, 0 errors, 0 left on base; Portland 12 - Panama City 2
TOP OF THE 7TH
Portland Evergreens batting - Pitching for Panama City Piranhas : LHP Todd Hines
Batting: SHB Billy Dotson 0-0: Ball
1-0: Called Strike
1-1: Foul Ball, location: 2F
1-2: SINGLE (Line Drive, 7LM)
Batting: LHB Ramón Garmendia 0-0: Ball
1-0: Foul Ball, location: 2F
1-1: SINGLE (Groundball, 34D)
Billy Dotson to second
Runner from 2nd tries for 3rd, SAFE, throw made to third
Batting: LHB Calvin Wilms 0-0: Called Strike
0-1: Ball
Ramón Garmendia is caught stealing 2nd base
1-1: Ground out 2-3 (Groundball, 2R)
Batting: LHB César Gómes 0-0: Called Strike
0-1: Swinging Strike
0-2: Strikes out looking
Top of the 7th over - 0 runs, 2 hits, 0 errors, 1 left on base; Portland 12 - Panama City 2
BOTTOM OF THE 7TH
Panama City Piranhas batting - Pitching for Portland Evergreens : RHP Jorge Otero
Batting: RHB Tak-hing Huang 0-0: Ball
1-0: Ball
2-0: Called Strike
2-1: Swinging Strike
2-2: Ball
3-2: Strikes out looking
Batting: LHB António Ramos 0-0: Swinging Strike
0-1: Ground out 6-3 (Groundball, 6M)
Batting: RHB Micah Coffey 0-0: Swinging Strike
0-1: Ball
1-1: Ground out U3 (Groundball, 3S)
Bottom of the 7th over - 0 runs, 0 hits, 0 errors, 0 left on base; Portland 12 - Panama City 2
TOP OF THE 8TH
Portland Evergreens batting - Pitching for Panama City Piranhas : LHP Todd Hines
Batting: RHB Tae-cho Han 0-0: Called Strike
0-1: Ball
1-1: Swinging Strike
1-2: Ball
2-2: Ground out 6-3 (Groundball, 56)
Batting: LHB Adrián Gómez 0-0: Called Strike
0-1: Ball
1-1: Ball
2-1: Fly out, F6 (Popup, 6)
Batting: LHB Chris Payling 0-0: Ball
1-0: Called Strike
1-1: Called Strike
1-2: Ground out U3 (Groundball, 3)
Top of the 8th over - 0 runs, 0 hits, 0 errors, 0 left on base; Portland 12 - Panama City 2
BOTTOM OF THE 8TH
Panama City Piranhas batting - Pitching for Portland Evergreens : RHP Jorge Otero
Pitching: LHP Bob Mullinax
Now at 1B: Rob Gray
Batting: RHB Leo Cadden 0-0: Called Strike
0-1: Ball
1-1: Ball
2-1: Called Strike
2-2: SINGLE (Groundball, 6MD)
Batting: RHB Peter Heard 0-0: Swinging Strike
0-1: Ball
1-1: Foul Ball, location: 2F
1-2: Foul Ball, location: 2F
1-2: Strikes out swinging
Batting: RHB Mike Strickland 0-0: Called Strike
0-1: Fly out, F9 (Flyball, 89D)
Batting: RHB Sergio Ortíz 0-0: Fly out, F3 (Popup, 3S)
Bottom of the 8th over - 0 runs, 1 hit, 0 errors, 1 left on base; Portland 12 - Panama City 2
TOP OF THE 9TH
Portland Evergreens batting - Pitching for Panama City Piranhas : LHP Todd Hines
Batting: RHB Rob Gray 0-0: Foul Ball, location: 2F
0-1: Foul Ball, location: 2F
0-2: Strikes out looking
Pinch Hitting: SHB Benedict Patel 0-0: Called Strike
0-1: SINGLE (Flyball, 9S)
Batting: SHB Billy Dotson 0-0: Ball
1-0: Ball
2-0: Grounds into double play, 4-6-3 (Groundball, 4)
Top of the 9th over - 0 runs, 1 hit, 0 errors, 0 left on base; Portland 12 - Panama City 2
BOTTOM OF THE 9TH
Panama City Piranhas batting - Pitching for Portland Evergreens : LHP Bob Mullinax
Now at 2B: Moriz Ayushiev
Batting: LHB Roberto Sánchez 0-0: Foul Ball, location: 2F
0-1: Ball
1-1: Called Strike
1-2: Strikes out swinging
Batting: LHB Chris McKinney 0-0: Called Strike
0-1: Fly out, F8 (Flyball, 89D)
Batting: RHB Tak-hing Huang 0-0: Swinging Strike
0-1: Ball
1-1: Ball
2-1: Ball
3-1: Swinging Strike
3-2: Foul Ball, location: 2F
3-2: Strikes out swinging
Bottom of the 9th over - 0 runs, 0 hits, 0 errors, 0 left on base; Portland 12 - Panama City 2
Wednesday, September 19th, 2018 - OOTP Baseball 18.8 Build 76